 Dungeon Crawl Stone Soup version 0.21.1-1-g345015fe64 (webtiles) character file.

292 Gargoyl the Skirmisher (level 6, -1/52 HPs)
             Began as a Centaur Abyssal Knight on June 14, 2018.
             Was a Believer of Lugonu.
             Killed by divine providence
             ... invoked by an orc priest
              (16 damage)
             ... on level 4 of the Dungeon.
             The game lasted 00:06:58 (3786 turns).

Gargoyl the Skirmisher (Centaur Abyssal Knight)     Turns: 3786, Time: 00:06:58

Health: -1/52      AC: 10    Str: 15    XL:     6   Next: 10%
Magic:  8/8        EV:  8    Int: 11    God:    Lugonu [**....]
Gold:   181        SH:  0    Dex: 10    Spells: 5/5 levels left

rFire    . . .     SeeInvis .   a - +1 hand axe
rCold    . . .     Gourm    .   (no shield)
rNeg     . . .     Faith    .   d - +0 chain mail
rPois    .         Spirit   .   i - +1 helmet
rElec    .         Reflect  .   (no cloak)
rCorr    .         Harm     .   (no gloves)
MR       .....                  (no barding)
Stlth    ..........             (no amulet)
HPRegen  0.17/turn              b - +1 ring of evasion
MPRegen  0.11/turn              k - +3 ring of evasion

@: very quick
A: large, hooves 3, deformed body, speed 2, tough skin 3
a: Depart the Abyss, Bend Space, Renounce Religion


You were on level 4 of the Dungeon.
You worshipped Lugonu.
Lugonu was pleased with you.
You were hungry.

You visited 1 branch of the dungeon, and saw 5 of its levels.
You visited the Abyss 1 time.

You collected 181 gold pieces.

Inventory:

Hand Weapons
 a - a +1 hand axe (weapon)
Missiles
 m - a tomahawk (quivered)
Armour
 d - a +0 chain mail (worn)
 i - a +1 helmet (worn)
Jewellery
 b - a +1 ring of evasion (left hand)
 k - a +3 ring of evasion (right hand)
 o - an uncursed ring of poison resistance {unknown}
Wands
 j - a wand of flame (23)
Scrolls
 e - 11 scrolls of identify
 g - 2 scrolls of teleportation
 n - a scroll of remove curse
Potions
 f - 2 potions of curing
 h - 2 potions of resistance
Comestibles
 c - 9 rations


   Skills:
 + Level 4.2 Fighting
 + Level 3.2 Axes
 * Level 2.8 Armour
 + Level 0.9 Dodging
 * Level 3.5 Invocations


You had 5 spell levels left.
You didn't know any spells.

Dungeon Overview and Level Annotations

Branches:
Dungeon (5/15)
 Temple: D:4-7

Altars:

Annotations:
D:4 waaargh's ghost, amateur MiFi
D:5 Greboboi's ghost, novice HOFi


Innate Abilities, Weirdness & Mutations

You have hooves in place of feet.
Armour fits poorly on your strangely shaped body.
You cover ground very quickly.
You have extremely tough skin. (AC +3)


Message History

The orc priest mumbles some strange prayers to Beogh against you.
Beogh smites you!
You hit the orc priest.
The orc priest is lightly wounded.
You hit the orc. The orc barely misses you.
The orc priest hits you with a club.
Unknown command.
Unknown command.
You hit the orc priest.
The orc priest is heavily wounded.
You hit the orc. The orc hits you with a hand axe.
The orc priest hits you with a club.
You closely miss the orc priest. You kick the orc priest.
The orc priest is severely wounded.
Your chain mail prevents you from hitting the orc.
The orc hits you with a hand axe.
* * * LOW HITPOINT WARNING * * *
The orc priest calls down the wrath of Beogh upon you.
Beogh smites you!
You die...

.# (# (######## #########
........# .......>########
.##.##### #######.........
.##.# ..##.########
.##.##### #.##.# .##.#...#
#####.##.# .##.'...#
..##@o#.##.# .##.#...##...#
##o#.##.# .##.#....##.##.
#.#....# .##.##)........
#.#.####### .##.##)).......
#.#........
.##.##.(.......##.#.#######
.##.##............#..#
.....................#######
###.#.........######.......#


You could see an orc priest and an orc.

Vanquished Creatures
  A hound (D:3)
  A bullfrog skeleton (D:4)
  Ijyb (D:4)
  An iguana (D:4)
  A worker ant (D:4)
  A howler monkey skeleton (D:4)
  6 adders
  3 worms
  A dart slug (D:1)
  2 leopard geckos (D:3)
  5 orcs
  2 ball pythons
  8 bats
  2 giant cockroaches
  8 goblins
  9 hobgoblins
  6 jackals
  12 kobolds
  2 quokkas (D:3)
  3 frilled lizards
  6 rats
81 creatures vanquished.

Notes
Turn   | Place    | Note
-------+----------+-------------------------------------------
     0 | Abyss:1  | Gargoyl the Centaur Abyssal Knight began the quest for the Orb.
     0 | Abyss:1  | Reached XP level 1. HP: 19/19 MP: 2/2
    51 | Abyss:1  | Noticed a tentacled starspawn
    52 | Abyss:1  | Noticed an ancient zyme
    56 | D:1      | Escaped the Abyss
   174 | D:1      | Reached * piety under Lugonu
   394 | D:1      | Reached XP level 2. HP: 26/26 MP: 3/3
  1232 | D:2      | Reached XP level 3. HP: 31/33 MP: 4/4
  1559 | D:2      | Reached ** piety under Lugonu
  1602 | D:1      | Reached XP level 4. HP: 15/40 MP: 6/6
  2209 | D:3      | Reached skill level 4 in Fighting
  2388 | D:3      | Reached XP level 5. HP: 41/46 MP: 7/7
  2751 | D:3      | Noticed an orc warrior
  3050 | D:4      | Noticed Ijyb
  3071 | D:4      | Killed Ijyb
  3380 | D:4      | Noticed waaargh's ghost (amateur MiFi)
  3456 | D:5      | Entered Level 5 of the Dungeon
  3577 | D:5      | Noticed Greboboi's ghost (novice HOFi)
  3593 | D:4      | Reached XP level 6. HP: 28/52 MP: 8/8
  3786 | D:4      | Killed from afar by an orc priest

Skill      XL: |  1  2  3  4  5 |
---------------+----------------+-----
Axes           | 2 3 |  3.2
Armour         | 2 |  2.8
Fighting       | 4 |  4.2
Invocations    | 3 |  3.5
Dodging        | |  0.9

Action                   |  1- 3 |  4- 6 || total
-------------------------+-------+-------++-------
Melee: Hand axe          |   121 |   166 ||   287
       Kick              |     8 |    31 ||    39
Throw: Tomahawk          |       |     3 ||     3
Invok: Depart the Abyss  |     1 |       ||     1
  Use: Scroll            |     5 |     4 ||     9
       Potion            |       |     4 ||     4
  Eat: Chunk             |       |     7 ||     7
Armor: Chain mail        |   131 |   123 ||   254
Dodge: Dodged            |    33 |    91 ||   124
